 Dungeon Crawl Stone Soup version 0.29-a0-367-gc2b5878c41 (webtiles) character file.

Game seed: 7762067675960494402

29 Gargoyl the Skirmisher (level 3, -1/24 HPs)
             Began as a Gargoyle Abyssal Knight on May 1, 2022.
             Was a Believer of Lugonu.
             Slain by Robin
             ... wielding a +0 falchion
              (4 damage)
             ... on level 2 of the Dungeon.
             The game lasted 00:01:07 (1024 turns).

Gargoyl the Skirmisher (Gargoyle Abyssal Knight)    Turns: 1024, Time: 00:01:07

Health: -1/24      AC:  6    Str: 13 (16) XL:     3   Next: 16%
Magic:  3/4        EV: 11    Int:  9 (10) God:    Lugonu [**....]
Gold:   752        SH:  0    Dex: 11 (12) Spells: 2/2 levels left

rFire   . . .      SeeInvis .   h - +1 dagger (drain)
rCold   . . .      Faith    .   (no shield)
rNeg    + . .      Spirit   .   b - +0 leather armour
rPois   ∞          Reflect  .   (no helmet)
rElec   +          Harm     .   (no cloak)
rCorr   .          Rampage  .   (no gloves)
Will    .....                   (no boots)
Stlth   +.........              (no amulet)
HPRegen 0.08/turn               (no ring)
MPRegen 0.09/turn               (no ring)

@: brilliant
A: sickness immunity, AC +3, negative energy resistance 1, electricity
resistance, torment resistance 1, petrification resistance
a: Renounce Religion, Depart the Abyss, Bend Space


You were on level 2 of the Dungeon.
You worshipped Lugonu.
Lugonu was pleased with you.
You visited 1 branch of the dungeon, and saw 2 of its levels.
You visited the Abyss 1 time.

You collected 752 gold pieces.

Inventory:

Hand Weapons
 a - a +1 hand axe
 h - a +1 dagger of draining (weapon)
Armour
 b - a +0 leather armour (worn)
Scrolls
 e - a scroll of blinking {unknown}
 g - a scroll of summoning {unknown}
 i - a scroll of noise {unknown}
Potions
 j - a potion of heal wounds {unknown}


   Skills:
 + Level 3.8 Fighting
 + Level 0.2 Short Blades
 + Level 2.3 Axes
 + Level 2.4 Armour
 + Level 0.7 Dodging
 + Level 2.3 Invocations


You had 2 spell levels left.
You didn't know any spells.
Your spell library was empty.

Dungeon Overview and Level Annotations

Branches:
Dungeon (2/15)

Altars:

Annotations:
D:2 Robin


Innate Abilities, Weirdness & Mutations

You are immune to sickness and miasma.
Your stone body is resilient. (AC +3)
You are immune to poison.
You resist negative energy. (rN+)
You are resistant to electric shocks. (rElec)
You are resistant to unholy torment.
You are immune to petrification.


Message History

The goblin is moderately wounded.
The goblin hits you with a +0 dagger. The goblin hits you with a +0 club.
The goblin closely misses you.
You hit the goblin.
The goblin is severely wounded.
The goblin completely misses you. The goblin hits you but does no damage.
The goblin misses you.
Unknown command.
You hit the goblin.
You kill the goblin!
Lugonu accepts your kill.
Robin roars a battlecry!
The goblins go into a battle-frenzy!
The goblin hits you with a +0 dagger. The goblin hits you with a +0 club.
You hit the goblin.
You kill the goblin!
Lugonu accepts your kill. The goblin hits you with a +0 club.
The goblin hits you with a +0 dagger.
* * * LOW HITPOINT WARNING * * *
Unknown command.
Space bends violently around you!
You blink.
A hobgoblin comes into view.
Found an escape hatch in the ceiling.
The hobgoblin blinks!
The hobgoblin shouts!
Robin throws the goblin at you!
Unknown command.
You fail to use your ability.
The goblin closely misses you. Robin closely misses you.
The hobgoblin barely misses you.
The hobgoblin hits you but does no damage.
Unknown command.
It was a potion of degeneration.
There was something very wrong with that liquid.
You feel weakened.
You feel dopey.
You feel clumsy.
The hobgoblin hits you but does no damage.
Robin closely misses you. The goblin hits you but does no damage.
The hobgoblin closely misses you.
It was a potion of brilliance.
You feel clever all of a sudden. Robin hits you with a +0 falchion.
You die...

#
#..#.##########.##
#..#.............#
#..#.#############
#..#.# #..#.###
#..#...# #..###.#
#gggg..# ##@#####
#<..gg# #######


You could see Robin, 2 hobgoblins and 3 goblins.

Vanquished Creatures
  A worm (D:2)
  A dart slug (D:1)
  3 endoplasms
  A giant cockroach (D:1)
  8 goblins
  3 kobolds (D:1)
  A quokka (D:1)
  2 bats (D:1)
  2 frilled lizards (D:1)
22 creatures vanquished.

Vanquished Creatures (others)
  A demonic plant (D:2)
1 creature vanquished.

Grand Total: 23 creatures vanquished

Notes
Turn   | Place    | Note
-------+----------+-------------------------------------------
     0 | Abyss:1  | Gargoyl the Gargoyle Abyssal Knight began the quest for the
                  | Orb.
     0 | Abyss:1  | Reached XP level 1. HP: 14/14 MP: 2/2
     0 | D:1      | Escaped the Abyss
   200 | D:1      | Reached XP level 2. HP: 15/19 MP: 3/3
   302 | D:1      | Reached ** piety under Lugonu
   836 | D:2      | Identified a scroll of acquirement
   836 | D:2      | Acquired 694 gold pieces
   852 | D:2      | Reached XP level 3. HP: 14/24 MP: 4/4
  1010 | D:2      | Noticed Robin
  1024 | D:2      | Slain by Robin

Illustrated notes

Levels and vault maps discovered:
D:1:      minmay_arrival_cross, layout_basic, st_stairs_10
D:2:      layout_basic, dreamdust_ecumenical_altar_sealed_demon, st_stairs_9,
          minivault_25, hangedman_decor_growths, minmay_tetromino_t2,
          uniq_robin, uniq_sigmund, uniq_jessica

Skill      XL: |  1 |
---------------+----+-----
Axes           | 2 |  2.3
Fighting       | |  3.8
Short Blades   | |  0.2
Armour         | |  2.4
Dodging        | |  0.7
Invocations    | |  2.3

Action                   || total
-------------------------++-------
Melee: Hand axe          ||    28
       Dagger            ||    34
Invok: Depart the Abyss  ||     1
       Bend Space        ||     1
  Use: Scroll            ||     1
       Potion            ||     2
Armor: Leather armour    ||    38
Dodge: Dodged            ||    43

Table legend: (Time is in decaauts)
 A = Elapsed time spent in this place.
 B = Non-inter-level travel time spent in this place.
 C = Inter-level travel time spent in this place.
 D = Time resting spent in this place.
 E = Time spent auto-exploring this place.
 F = Levels seen in this place.
 G = Mean time per level.
                   A        B        C        D        E       F      G
               +--------+--------+--------+--------+--------+-----+--------+
         Total |   1028 |    991 |     37 |      0 |    823 |   3 |  342.7 |
       Dungeon |   1028 |    991 |     37 |      0 |    823 |   2 |  514.0 |
         Abyss |      0 |      0 |      0 |      0 |      0 |   1 |    0.0 |
               +--------+--------+--------+--------+--------+-----+--------+

Top non-repeatable levels by time:
     D:1: 835 daAuts
     D:2: 193 daAuts
